 Dungeon Crawl Stone Soup version 0.30.1-11-g7821555f0a (webtiles) character file.

Game seed: 5774530409806297221

392 RancidPinata the Covert (level 6, 43/43 HPs)
             Began as an Octopode Delver on Dec 22, 2023.
             Quit the game on level 3 of the Dungeon.
             The game lasted 00:11:44 (3176 turns).

RancidPinata the Covert (Octopode Delver)           Turns: 3176, Time: 00:11:45

Health: 43/43      AC:  1    Str: 12    XL:     6   Next: 81%
Magic:  6/6        EV: 14    Int: 12    God:
Gold:   131        SH:  0    Dex: 15    Spells: 5/5 levels left

rFire   . . .        n - +1 dagger (speed)
rCold   . . .        (no shield)
rNeg    . . .        (helmet restricted)
rPois   .            (no amulet)
rElec   .            (no ring)
rCorr   .            (no ring)
SInv    .            (no ring)
Will    .....        (no ring)
Stlth   +++++        (no ring)
HPRegen 0.27/turn    (no ring)
MPRegen 0.10/turn    (no ring)
                     (no ring)

%: no passive effects
@: studying Earth Magic
A: almost no armour, amphibious, 8 rings, camouflage 1, gelatinous body 1,
(nimble swimmer 1), tentacles, inhibited regeneration, inability to drink after
injury 1, inability to read after injury 1
a: no special abilities


You were on level 3 of the Dungeon.
You visited 1 branch of the dungeon, and saw 5 of its levels.

You collected 131 gold pieces.

Inventory:

Hand Weapons
 g - a +1 rapier of holy wrath
 n - a +1 dagger of speed (weapon)
Missiles
 l - 52 stones (quivered)
 q - 4 poisoned darts
Jewellery
 p - an amulet of the acrobat
Wands
 f - a wand of digging (3)
 m - a wand of polymorph (14)
 o - a wand of iceblast (6)
Scrolls
 b - a scroll of fog
 c - a scroll of magic mapping
 d - a scroll of fear
 h - a scroll of teleportation {unknown}
 s - a scroll of blinking {unknown}
Potions
 e - a potion of haste
 k - 2 potions of curing
 r - 2 potions of flight {unknown}
 t - a potion of magic {unknown}
 u - a potion of might {unknown}
 v - a potion of resistance {unknown}
 w - 2 potions of brilliance {unknown}


   Skills:
 + Level 4.0 Fighting
 * Level 4.2 Short Blades
 + Level 3.4 Dodging
 * Level 8.6 Stealth


You had 5 spell levels left.
You didn't know any spells.
Your spell library contained the following spells:

 Spells                   Type           Power      Damage    Failure   Level
 Ozocubu's Armour         Ice            0%         N/A       69%         3
 Vhi's Electric Charge    Tloc/Air       0%         N/A       69%         3
 Arcjolt                  Conj/Air       0%         1d10      100%        5
 Metabolic Englaciation   Hex/Ice        0%         N/A       100%        5
 Simulacrum               Ice/Necr       0%         N/A       100%        6
 Maxwell's Capacitive Co  Air            0%         ∞         100%        8
 Chain Lightning          Conj/Air       0%         N/A       100%        9
 Fire Storm               Conj/Fire      0%         5d1       100%        9
 Shatter                  Erth           0%         3d5*      100%        9


Dungeon Overview and Level Annotations

Branches:
Dungeon (5/15)
 Temple: D:4-7

Altars:
Qazlal

Shops:
D:2 :

Annotations:
D:4 Grinder, Sigmund


Innate Abilities, Weirdness & Mutations

You cannot wear most types of armour.
You are amphibious.
You can wear up to eight rings at the same time.
Your skin changes colour to match your surroundings (Stealth+).
Your rubbery body absorbs attacks. (AC +1, EV +1)
((You are camouflaged when in or above water. (Stealth+)))
You have tentacles for arms and can constrict up to eight enemies at once.
You do not regenerate when monsters are visible.
You occasionally lose the ability to drink potions when taking damage.
You occasionally lose the ability to read scrolls when taking damage.


Message History

There is an entrance to Pyudo's Vocational Training here.
The endoplasm quivers.
You hit the endoplasm. Your squeeze misses the endoplasm.
The endoplasm is almost dead.
The endoplasm closely misses you.
You hit the endoplasm.
You kill the endoplasm!
You see here a +0 club.
You see here a +0 trident.
l - 52 stones (gained 9) Done exploring.
There is a stone staircase leading down here.
You climb downwards.
There is a stone staircase leading up here.
Partly explored, can't reach some places.
You see here a +0 scale mail.
As you read the scroll labelled VUT LANWOG, it crumbles to dust.
It is a scroll of identify.
i - 4 potions of degeneration You drop 4 potions of degeneration.
As you read the scroll of identify, it crumbles to dust.
a - 2 potions of mutation
As you read the scroll of identify, it crumbles to dust.
k - 2 potions of curing Really quaff the potion of mutation?
You feel extremely strange.
You occasionally lose the ability to read scrolls when taking damage.
You feel stupid.
Really quaff the potion of mutation?
You feel extremely strange.
You feel clever.
You no longer become unable to read scrolls after taking damage.
You occasionally lose the ability to read scrolls when taking damage.
You occasionally lose the ability to drink potions when taking damage.
Your regeneration stops near monsters.
Are you sure you want to abandon this character and quit the game? (Confirm with "yes".)
Okay, then.
Are you sure you want to abandon this character and quit the game? (Confirm with "yes".)
Okay, then.
Are you sure you want to abandon this character and quit the game? (Confirm with "yes".)

#...######## #.#.# #.#
...........# #.#.# #.#
#...######.#######.#.# ##.# #...#
#.#.......#.# ######...
#...######.#.#####.#.# #........
#.............# #.#.# #.####...
###.#####..#..# #.#.# #.# ##.#
#.#####..#..####.#.# #.# #.#
#...........>.@...>####.#####.#
#########..#####................#
............# #..#!.#####...#####
###.>.#)....# #.###.).#####.# #
#.....†...# #..#..#..# #.# #
#...#.....# ####.###.# #.# #
##.##.....####○...†#.# #.# #
#.#######...#.....#.# #.# # #.#
#.#...._....# #.#


There were no monsters in sight!

Vanquished Creatures
  3 hounds (D:4)
  3 orc priests
  Ijyb (D:3)
  An orc wizard (D:3)
  7 adders
  2 worms
  4 dart slugs
  9 orcs
  7 ball pythons
  5 bats
  An endoplasm (D:2)
  3 giant cockroaches
  6 hobgoblins
  13 jackals
  4 quokkas
  9 frilled lizards
  6 goblins
  2 kobolds (D:1)
  3 rats
89 creatures vanquished.

Vanquished Creatures (others)
  An orc wizard (D:3)
  An orc (D:3)
  A ball python (D:3)
3 creatures vanquished.

Grand Total: 92 creatures vanquished

Notes
Turn   | Place    | Note
-------+----------+-------------------------------------------
     0 | D:5      | RancidPinata the Octopode Delver began the quest for the
                  | Orb.
     0 | D:5      | Reached XP level 1. HP: 16/16 MP: 1/1
    18 | D:5      | Reached XP level 2. HP: 10/21 MP: 2/2
    94 | D:4      | Noticed Grinder
   236 | D:4      | Reached skill level 7 in Stealth
   236 | D:4      | Reached XP level 3. HP: 24/26 MP: 3/3
   308 | D:4      | Reached XP level 4. HP: 31/31 MP: 4/4
   401 | D:4      | Noticed Sigmund
   471 | D:3      | Found a stormy altar of Qazlal.
   485 | D:3      | Reached XP level 5. HP: 24/36 MP: 5/5
  1050 | D:3      | Reached skill level 8 in Stealth
  1262 | D:3      | Noticed Ijyb
  1269 | D:3      | Killed Ijyb
  1270 | D:3      | Reached XP level 6. HP: 43/43 MP: 6/6
  1700 | D:2      | Found Pyudo's Vocational Training.
  3174 | D:3      | Gained mutation: You occasionally lose the ability to read
                  | scrolls when taking damage. [potion of mutation]
  3174 | D:3      | Gained mutation: You are dopey. (Int -2) [potion of
                  | mutation]
  3175 | D:3      | Lost mutation: You are dopey. (Int -2) [potion of mutation]
  3175 | D:3      | Lost mutation: You occasionally lose the ability to read
                  | scrolls when taking damage. [potion of mutation]
  3175 | D:3      | Gained mutation: You occasionally lose the ability to read
                  | scrolls when taking damage. [potion of mutation]
  3175 | D:3      | Gained mutation: You occasionally lose the ability to drink
                  | potions when taking damage. [potion of mutation]
  3175 | D:3      | Gained mutation: You do not regenerate when monsters are
                  | visible. [potion of mutation]
  3176 | D:3      | Quit the game

Illustrated notes

Levels and vault maps discovered:
D:1:      minmay_arrival_arboretum_small, layout_basic
D:2:      layout_basic, st_stairs_9, nicolae_shop_vocational
D:3:      layout_loops_ring, grunt_qazlal_clouds, serial_glass, glass_columns_a,
          glass_columns_a, saegor_snake_ambush, uniq_ijyb
D:4:      lemuel_castle_with_subvaults [lemuel_castle_interior_carwin_3],
          layout_basic, mainiacjoe_overflow_surrounded_room,
          grunt_temple_overflow_cloverleaf, uniq_crazy_yiuf_cottage,
          uniq_sigmund, uniq_grinder
D:5:      layout_rooms, ebering_ghost_sewer_d, serial_shops, shop,
          minmay_misc_feat_four_crosses, minmay_fractal_squares_gapless_5

Skill      XL: |  1  2  3  4  5  6 |
---------------+-------------------+-----
Stealth        | 7 8 |  8.6
Short Blades   | 3 4 |  4.2
Dodging        | 3 |  3.4
Fighting       | 4 |  4.0

Action                     |  1- 3 |  4- 6 || total
---------------------------+-------+-------++-------
  Melee: Rapier            |    32 |    46 ||    78
         Constrict         |     7 |    42 ||    49
         Tentacles         |     8 |    33 ||    41
         Punch             |     1 |       ||     1
         Dagger            |       |   105 ||   105
    Use: Scroll            |       |     3 ||     3
         Potion            |       |     2 ||     2
   Stab: Sleeping          |       |    29 ||    29
         Distracted        |       |     1 ||     1
 Armour: Skin              |     1 |     7 ||     8
  Dodge: Dodged            |    27 |    76 ||   103
